 Dungeon Crawl Stone Soup version 0.20.0-15-g7f486f2 (webtiles) character file.

221 Naow the Shield-Bearer (level 6, 0/49 HPs)
             Began as a Formicid Fighter on June 13, 2017.
             Succumbed to Crazy Yiuf's poison
             ... on level 2 of the Dungeon.
             The game lasted 00:02:19 (1716 turns).

Naow the Shield-Bearer (Formicid Fighter)           Turns: 1716, Time: 00:02:20

Health: 0/49       AC:  7    Str: 28    XL:     6   Next: 18%
Magic:  6/6        EV:  8    Int:  7    God:
Gold:   24         SH: 10    Dex: 10    Spells: 5/5 levels left

rFire    . . .     SeeInvis +   a - +0 war axe
rCold    . . .     Gourm    .   c - +0 shield
rNeg     . . .     Faith    .   b - +0 scale mail
rPois    .         Spirit   .   (helmet unavailable)
rElec    .         Reflect  .   (no cloak)
rCorr    .         Harm     .   (no gloves)
MR       .....                  j - +0 pair of boots
Stlth    ..........             (no amulet)
Regen    0.2/turn               (no ring)
MPRegen  0.1/turn               (no ring)

@: mighty, lethally poisoned (0 -> -9), drained
A: permanent stasis, dig shafts and tunnels, four strong arms, antennae 3
a: Dig, Shaft Self


You were on level 2 of the Dungeon.
You were near starving.

You visited 1 branch of the dungeon, and saw 2 of its levels.

You collected 24 gold pieces.

Inventory:

Hand Weapons
 a - a +0 war axe (weapon)
Armour
 b - a +0 scale mail (worn)
 c - a +0 shield (worn)
 j - a +0 pair of boots (worn)
Jewellery
 n - a +4 amulet of reflection {unknown}
 t - an uncursed ring of ice {unknown}
Wands
 l - a wand of acid (9/15)
 v - a wand of polymorph (9/24)
Scrolls
 e - a scroll of recharging {unknown}
 m - 2 scrolls of magic mapping {unknown}
 q - a scroll of remove curse {unknown}
 s - a scroll of identify {unknown}
 x - a scroll of immolation {unknown}
 y - a scroll of noise {unknown}
Potions
 g - 3 potions of heal wounds {unknown}
 o - a potion of brilliance {unknown}
 p - a potion of agility {unknown}
 r - a potion of resistance {unknown}
 u - a potion of magic {unknown}
 w - a potion of lignification {unknown}
 z - a potion of degeneration {unknown}
 B - 2 potions of curing {unknown}
Comestibles
 f - a bread ration
 h - 3 royal jellies
 i - 2 meat rations
 k - 4 fruits


   Skills:
 + Level 4.3(4.0) Fighting
 * Level 4.6(4.4) Axes
 - Level 3.2(3.0) Armour
 + Level 4.8(4.5) Shields


You had 5 spell levels left.
You didn't know any spells.

Dungeon Overview and Level Annotations

Branches:
Dungeon (2/15)

Altars:
Elyvilon
Qazlal
Ru
Sif Muna
Xom
The Shining One

Annotations:
D:2 Crazy Yiuf


Innate Abilities, Weirdness & Mutations

You cannot be hasted, slowed, berserked, paralysed or teleported.
You can dig through walls and to a lower floor.
Your four strong arms can wield two-handed weapons with a shield.
You have a pair of large antennae on your head. (SInv)


Message History

Crazy Yiuf hits you but does no damage. x2
You are more poisoned.
You barely miss Crazy Yiuf.
Crazy Yiuf is severely wounded.
You feel sick.
Crazy Yiuf hits you with a quarterstaff of chaos!
* * * LOW HITPOINT WARNING * * *
Crazy Yiuf freezes you.
* * * LOW HITPOINT WARNING * * *
You completely miss Crazy Yiuf.
Crazy Yiuf is severely wounded.
* * * LOW HITPOINT WARNING * * *
You feel sick. You block Crazy Yiuf's attack.
You closely miss Crazy Yiuf.
Crazy Yiuf is severely wounded.
* * * LOW HITPOINT WARNING * * *
You feel sick. You block Crazy Yiuf's attack.
You closely miss Crazy Yiuf.
Crazy Yiuf is severely wounded.
You die...

#.###.###.#.....#########
#.# #...........# #.#
#####.#.....# #.#
######### ####.###
.......##♣♣♣♣♣
.######....♣.♣♣♣ #### .#
##......♣..♣#...# .#
#......♣♣♣♣.@g..# '#
#....P♣♣ ♣♣#..)# .##
#..##♣♣ #### ######
..####.# #....# ...##..#
####.# 8...'..# ### ###
########.# ..###..# #.#
#.# #......#.# ..#
##.###.# #.# ##.###.#.#
>.# #.....###'## #.#
#.#.#


You could see Crazy Yiuf.

Vanquished Creatures
  Sigmund (D:2)
  3 adders (D:2)
  A ball python (D:2)
  2 bats (D:1)
  3 giant cockroaches
  5 goblins
  2 hobgoblins (D:2)
  9 jackals
  6 kobolds
  6 frilled lizards
  5 rats
43 creatures vanquished.

Notes
Turn   | Place    | Note
-------+----------+-------------------------------------------
     0 | D:1      | Naow the Formicid Fighter began the quest for the Orb.
     0 | D:1      | Reached XP level 1. HP: 18/18 MP: 1/1
   152 | D:1      | Reached XP level 2. HP: 24/24 MP: 2/2
   479 | D:2      | Reached XP level 3. HP: 27/29 MP: 3/3
   497 | D:2      | Noticed Sigmund
   506 | D:2      | Killed Sigmund
   506 | D:2      | Reached XP level 4. HP: 19/37 MP: 4/4
   506 | D:2      | Reached XP level 5. HP: 22/42 MP: 5/5
   753 | D:2      | Found a runed door.
   808 | D:2      | Reached XP level 6. HP: 49/49 MP: 6/6
   835 | D:2      | Found a deep blue altar of Sif Muna.
  1169 | D:2      | Found a shimmering altar of Xom.
  1172 | D:2      | Found a glowing golden altar of the Shining One.
  1176 | D:2      | Found a stormy altar of Qazlal.
  1176 | D:2      | Found a sacrificial altar of Ru.
  1180 | D:2      | Found a white marble altar of Elyvilon.
  1703 | D:2      | Noticed Crazy Yiuf
  1715 | D:2      | HP: 1/49 [poisoned by Crazy Yiuf]
  1716 | D:2      | Succumbed to Crazy Yiuf's poison

Skill      XL: |  1  2  3 |
---------------+----------+-----
Axes           | 3 4 |  4.6
Fighting       | 4 |  4.3
Shields        | 4 |  4.8
Armour         | |  3.2

Action                   |  1- 3 |  4- 6 || total
-------------------------+-------+-------++-------
Melee: War axe           |    52 |    90 ||   142
  Use: Potion            |       |     1 ||     1
  Eat: Chunk             |       |     1 ||     1
Armor: Scale mail        |    37 |    30 ||    67
Dodge: Dodged            |    18 |    22 ||    40
Block: Shield            |    27 |    48 ||    75
